 Dungeon Crawl Stone Soup version 0.31.0-9-g3a7656b989 (webtiles) character file.

Game seed: 11265961561221035034

174 qw the Skirmisher (level 5, 0/29 HPs)
             Began as a Deep Elf Hunter on Feb 2, 2024.
             Succumbed to a gnoll's poison
             ... on level 5 of the Dungeon.
             The game lasted 00:00:06 (1604 turns).

qw the Skirmisher (Deep Elf Hunter)                 Turns: 1604, Time: 00:00:07

Health: 0/29       AC:  7    Str: 10    XL:     5   Next: 28%
Magic:  7/7        EV:  8    Int: 14    God:
Gold:   112        SH:  0    Dex: 18    Spells: 4/4 levels left

rFire   . . .        a - +0 shortbow
rCold   . . .        (shield currently unavailable)
rNeg    . . .        j - +0 ring mail
rPois   .            d - +0 helmet
rElec   .            (no cloak)
rCorr   .            (no gloves)
SInv    .            k - +0 pair of boots
Will    .....        (no amulet)
Stlth   +            (no ring)
HPRegen 0.24/turn    (no ring)
MPRegen 0.10/turn

%: no passive effects
@: lethally poisoned (0 -> -11), weakened, grasped by roots, constricted
A: no striking features
a: no special abilities


You were on level 5 of the Dungeon.
You visited 1 branch of the dungeon, and saw 4 of its levels.

You collected 112 gold pieces.


   Skills:
 - Level 1.5 Fighting
 + Level 8.8 Ranged Weapons
 - Level 2.4 Dodging
 - Level 1.2 Stealth


You had 4 spell levels left.
You didn't know any spells.
Your spell library was empty.

Inventory:

Hand Weapons
 a - a +0 shortbow (weapon)
Armour
 d - a +0 helmet (worn)
 j - a +0 ring mail (worn)
 k - a +0 pair of boots (worn)
Wands
 e - a wand of polymorph (8)
Potions
 b - a potion of enlightenment
 f - a potion of heal wounds {unknown}
 g - a potion of haste
 i - a potion of mutation

Dungeon Overview and Level Annotations

Branches:
Dungeon (3/15)

Altars:


Message History

The gnoll hits you but does no damage.
A gnoll comes into view. It is wielding a +0 spear.
You shoot an arrow. The arrow hits the gnoll.
You kill the gnoll!
The gnoll hits you but does no damage.
A gnoll bouda comes into view. It is wielding a +0 club.
You shoot an arrow. The arrow closely misses the gnoll.
The arrow hits the gnoll!
The gnoll is heavily wounded.
The gnoll hits you with a +0 flail! The gnoll hits you but does no damage.
You shoot an arrow. The arrow hits the gnoll.
The gnoll is heavily wounded.
The gnoll hits you from afar with a +0 spear.
The gnoll barely misses you.
You shoot an arrow. The arrow hits the gnoll.
The gnoll is severely wounded.
The gnoll barely misses you.
A gnoll comes into view.
It is wielding a +0 spear, quivering poisoned darts and carrying a wand of roots.
The gnoll bouda gazes fiercely through you!
You feel your attacks grow feeble.
You shoot an arrow. The arrow barely misses the gnoll.
The arrow hits the gnoll but does no damage.
The gnoll is heavily wounded.
The gnoll barely misses you. The gnoll hits you with a +0 flail.
The gnoll hits you from afar with a +0 spear!
The gnoll closely misses you.
The gnoll zaps a wand.
The roots erupt in riotous growth!
The grasping roots grab you!
The gnoll bouda is unaffected.
The grasping roots constrict you.
You hear an angry hiss.
You hear a shout!
You shoot an arrow. The arrow hits the gnoll bouda.
The gnoll bouda is lightly wounded.
The gnoll barely misses you.
The gnoll throws a poisoned dart.
The poisoned dart hits you!
You are lethally poisoned!
The grasping roots constrict you. The gnoll bouda barely misses you.
You shoot an arrow.
The arrow hits the gnoll bouda but does no damage.
The gnoll bouda is lightly wounded.
You die...

#.###.....##)#
#........)...#
#####.....####
##...## ##.##
#.# #.# ####.#
#@##.#####
#.gg#.......#
.....g###g.###.#
###### #.#.#
.....# ##.####
#. .. ##


You could see a gnoll bouda and 3 gnolls.

Vanquished Creatures
  An orc priest (D:5)
  An iguana (D:5)
  Robin (D:2)
  3 adders (D:2)
  A gnoll (D:5)
  A ribbon worm (D:2)
  A dart slug (D:2)
  4 orcs (D:5)
  6 ball pythons
  3 bats
  3 endoplasms
  3 giant cockroaches
  14 goblins
  4 hobgoblins
  2 quokkas (D:2)
  3 frilled lizards
  6 kobolds
  5 rats
62 creatures vanquished.

Notes
Turn   | Place    | Note
-------+----------+-------------------------------------------
     0 | D:1      | qw the Deep Elf Hunter began the quest for the Orb.
     0 | D:1      | Reached XP level 1. HP: 12/12 MP: 3/3
     0 | D:1      | 0 ||| qw: Version: 0.3-a-155-g5e7d8dd
     0 | D:1      | 0 ||| qw: Game counter: 651
     0 | D:1      | 0 ||| qw: Melee chars always use a shield: true
     0 | D:1      | 0 ||| qw: God list: Okawaru
     0 | D:1      | 0 ||| qw: Allow faded altars: false
     0 | D:1      | 0 ||| qw: Do Orc after clearing Dungeon:15 true
     0 | D:1      | 0 ||| qw: Do second Lair branch before Depths: true
     0 | D:1      | 0 ||| qw: Lair rune preference: random
     0 | D:1      | 0 ||| qw: Goals: Normal
     0 | D:1      | 0 ||| PLANNING D:1-11
   155 | D:1      | Reached skill level 6 in Ranged Weapons
   155 | D:1      | Reached XP level 2. HP: 16/16 MP: 4/4
   572 | D:1      | 572 ||| READING scroll labelled DOVVIRYTALI.
   573 | D:1      | 573 ||| READING 4 scrolls labelled EFUCODOFUO.
   573 | D:1      | 573 ||| IDENTIFYING bubbling clear potion
   574 | D:1      | 574 ||| READING 3 scrolls of identify.
   574 | D:1      | 574 ||| IDENTIFYING lumpy pink potion
   575 | D:1      | 575 ||| READING 2 scrolls of identify.
   575 | D:1      | 575 ||| IDENTIFYING bubbling emerald potion
   576 | D:1      | 576 ||| READING scroll of identify.
   576 | D:1      | 576 ||| IDENTIFYING scroll labelled KIGEPNU TIYL CEUTT
   577 | D:1      | 577 ||| DROPPING scroll of butterflies.
   578 | D:1      | 578 ||| DROPPING potion of magic.
   579 | D:1      | 579 ||| DROPPING scroll of amnesia.
   689 | D:2      | 689 ||| RETREEEEATING.
   692 | D:2      | 692 ||| RETREEEEATING.
   693 | D:2      | 693 ||| RETREEEEATING.
   694 | D:2      | 694 ||| RETREEEEATING.
   702 | D:2      | HP: 4/16 [goblin/+0 club[Robin] (1)]
   704 | D:2      | Reached XP level 3. HP: 6/20 MP: 5/5
   709 | D:2      | 709 ||| FLEEEEING.
   710 | D:2      | 710 ||| FLEEEEING.
   712 | D:2      | 712 ||| FLEEEEING.
   713 | D:2      | 713 ||| FLEEEEING.
   714 | D:2      | 714 ||| FLEEEEING.
   716 | D:2      | HP: 4/20 [hobgoblin[Robin] (2)]
   813 | D:2      | HP: 5/20 [poisoned by an adder]
   942 | D:2      | Noticed Robin
   944 | D:2      | Killed Robin
   945 | D:2      | Reached skill level 7 in Ranged Weapons
  1058 | D:2      | Reached XP level 4. HP: 19/25 MP: 6/6
  1430 | D:2      | 1430 ||| UPGRADING to +0 helmet.
  1435 | D:2      | 1435 ||| UPGRADING to +0 ring mail.
  1445 | D:2      | 1445 ||| DROPPING +0 leather armour.
  1446 | D:2      | 1446 ||| UPGRADING to +0 pair of boots.
  1451 | D:2      | 1451 ||| READING scroll of identify.
  1451 | D:2      | 1451 ||| IDENTIFYING viscous dark potion
  1483 | D:3      | You fall into a shaft and drop 2 floors!
  1483 | D:5      | Entered Level 5 of the Dungeon
  1490 | D:5      | 1490 ||| RETREEEEATING.
  1497 | D:5      | Reached skill level 8 in Ranged Weapons
  1503 | D:5      | Reached XP level 5. HP: 17/29 MP: 7/7
  1602 | D:5      | HP: 6/29 [gnoll/+0 spear[a gnoll bouda] (7)]
  1604 | D:5      | Succumbed to a gnoll's poison

Levels and vault maps discovered:
D:1:      dpeg_arrival_simpleton_b, layout_basic
D:2:      layout_loops_cross, st_stairs_12, minmay_heptomino_o4, uniq_robin
D:3:      layout_loops_ring, jmf_multi_god_temple2, minmay_misc_feat_chi
D:5:      layout_loops_ring, minmay_temple_entry_poolview

Skill      XL: |  1  2  3  4 |
---------------+-------------+-----
Ranged Weapons | 6 7 8 |  8.8
Fighting       | |  1.5
Dodging        | |  2.4
Stealth        | |  1.2

Action                     |  1- 3 |  4- 6 || total
---------------------------+-------+-------++-------
   Fire: Shortbow          |   108 |    93 ||   201
    Use: Scroll            |     5 |     1 ||     6
 Armour: Leather armour    |    35 |    14 ||    49
         Ring mail         |       |    12 ||    12
  Dodge: Dodged            |    26 |    42 ||    68

Table legend:
 A = Non-vault XP
 B = Vault XP
 C = Vault XP percentage of total XP
 D = Non-vault monster count
 E = Vault monster count
 F = Vault count percentage of total count
                 A         B        C        D         E       F
            +---------+---------+-------+---------+---------+-------
      Total |     203 |      46 |  18.5 |      45 |      17 |  27.4
            +---------+---------+-------+---------+---------+-------
        D:1 |      26 |       0 |   0.0 |      16 |       0 |   0.0
        D:2 |      72 |      46 |  39.0 |      22 |      17 |  43.6
        D:5 |     105 |       0 |   0.0 |       7 |       0 |   0.0
            +---------+---------+-------+---------+---------+-------
